AoeStats
← K

Arena

509953088Analyzed
4v4 RM · 4d ago on Sep 28, 2026· 36m 8s· 8 players
Game mode
Random Map
Map size
Large (8 player)
Population
200
Speed
Normal
Resources
Standard
Victory
Conquest
Starting age
Dark Age
Ending age
Imperial Age
RankedLock teamsTeams togetherTeam positionsShared explorationLock speedFull tech treeHidden civsTurbo modeCheats
Victory
Defeat
🇫🇷 Muisca · France
1100
+13
🇨🇭 Byzantines · Switzerland
1025
+16
🇹🇷 Huns · Türkiye
1014
+17
🇫🇷 Japanese · France
916
+21
🇫🇷 Celts · France
1092
-19
🇬🇧 Teutons · United Kingdom
1080
-19
🇪🇸 Goths · Spain
976
-15
🇨🇿 Malians · Czechia
953
-14
Prof. Dr. Abuzer KÖMÜRCÜ
4:36 Loom
10:22 Feudal Age
11:38 Horse Collar
12:21 Loom
16:16 Castle Age
15:56 Double-Bit Axe
20:25 Heavy Plow
27:42 Imperial Age
26:50 Wheelbarrow
26:50 Forging
27:47 Scale Barding Armor
28:36 Iron Casting
28:53 Conscription
29:05 Chain Barding Armor
29:24 Marauders
30:49 Blast Furnace
29:52 Elite Tarkan
31:21 Bloodlines
33:39 Plate Barding Armor
Suko
9:02 Loom
12:36 Feudal Age
14:46 Man-at-Arms
23:19 Scale Mail Armor
29:00 Forging
28:59 Horse Collar
29:12 Double-Bit Axe
30:14 Horse Collar
31:52 Stone Mining
31:52 Gold Mining
35:53 Castle Age
jawsy_
8:08 Loom
11:22 Feudal Age
15:34 Castle Age
14:05 Double-Bit Axe
15:21 Horse Collar
20:59 Champi Runner
23:02 Champi Warrior
26:39 Wheelbarrow
28:28 Scale Mail Armor
28:39 Forging
36:17 Imperial Age
34:55 Chain Mail Armor
35:15 Iron Casting
ALDANDRONAN
1:46 Loom
Steposaur_CZ
0:34 Loom
11:04 Feudal Age
12:29 Double-Bit Axe
12:29 Horse Collar
17:46 Castle Age
18:14 Fletching
18:38 Bow Saw
18:32 Heavy Plow
23:54 Wheelbarrow
23:06 Town Watch
25:48 Squires
25:35 Arson
25:11 Man-at-Arms
27:37 Scale Mail Armor
27:48 Forging
29:49 Chain Mail Armor
30:10 Iron Casting
32:57 Bodkin Arrow
33:03 Padded Archer Armor
33:09 Scale Barding Armor
32:27 Long Swordsman
36:07 Imperial Age
33:08 Pikeman
FallAutumn7731
K
9:13 Loom
11:03 Feudal Age
10:05 Loom
13:34 Town Watch
14:37 Fletching
17:20 Double-Bit Axe
29:54 Forging
-poZ-Tryphe
Connection lost

Rejoining the realm…

Still unreachable

The connection could not be restored.

Session expired

The server has moved on; the page needs a fresh start.